Map: Winter's Gate LE

Players

Ratl - Winner!

  • Race: Protoss Protoss
  • Spawn Location: 11:00

VOD

Have the link to the VOD?

Description

Time

  • Played on: Oct. 29, 2019, 9:50 p.m.
  • Length: 25:16
Show
View Real Time Build Order
Export as new Build Order

Ratl Protoss - Winner!

Build Orders:  

Get SALT Encoding   

  12  0:04  Probe (Chrono Boost)  
  14  0:21  Probe (Chrono Boost)  
  14  0:29  Pylon  
  15  0:40  Probe (Chrono Boost)  
  15  0:46  Pylon  
  15  0:55  Probe (Chrono Boost)  
  16  1:07  Probe (Chrono Boost)  
  16  1:17  Pylon  
  17  1:29  Gateway  
  17  1:41  Assimilator  
  17  1:47  Assimilator  
  18  1:50  Probe (Chrono Boost)  
  18  2:06  Probe (Chrono Boost)  
  19  2:17  Probe (Chrono Boost)  
  19  2:28  Probe (Chrono Boost)  
  21  2:44  Probe (Chrono Boost)  
  23  3:00  Probe (Chrono Boost)  
  23  3:08  Forge  
  23  3:18  Pylon  
  23  3:29  Pylon  
  23  3:31  Zealot (Chrono Boost)  
  23  3:33  Pylon  
  25  3:40  Pylon  
  25  3:45  Pylon  
  25  4:07  Zealot (Chrono Boost)  
  27  4:15  Nexus  
  27  4:33  Zealot (Chrono Boost)  
  29  5:09  Zealot (Chrono Boost)  
  31  5:11  Assimilator  
  31  5:14  Assimilator  
  31  5:21  Photon Cannon  
  31  5:25  Pylon  
  31  5:40  Gateway  
  31  5:56  Pylon  
  31  6:02  Probe (Chrono Boost)  
  32  6:14  Probe (Chrono Boost)  
  32  6:16  Zealot  
  35  6:28  Probe (Chrono Boost)  
  36  6:45  Probe (Chrono Boost)  
  37  6:54  Zealot  
  40  7:02  Probe (Chrono Boost)  
  40  7:07  Cybernetics Core  
  40  7:18  Gateway  
  40  7:24  Photon Cannon  
  40  7:28  Photon Cannon  
  40  7:31  Probe (Chrono Boost)  
  40  7:32  Zealot  
  40  7:36  Photon Cannon  
  43  7:40  Photon Cannon  
  43  7:43  Probe (Chrono Boost)  
  44  7:57  Probe (Chrono Boost)  
  45  8:13  Probe (Chrono Boost)  
  45  8:17  Twilight Council  
  44  8:26  Stargate  
  44  8:28  Stargate  
  38  8:31  Zealot x3  
  38  8:59  Robotics Facility x2  
  38  9:09  Zealot x2  
  42  9:29  Photon Cannon  
  42  9:33  Photon Cannon  
  42  9:34  Stalker  
  42  9:37  Photon Cannon  
  44  9:45  Stalker (Chrono Boost)  
  46  9:55  Templar Archives  
  46  9:56  Unknown  
  46  10:01  Fleet Beacon  
  46  10:35  Probe  
  46  10:46  Probe  
  48  11:01  Probe  
  55  11:11  Stalker (Chrono Boost)  
  55  11:12  Stalker x2 (Chrono Boost)  
  55  11:18  Probe  
  56  11:35  Probe  
  57  11:42  Nexus  
  63  11:53  Stalker (Chrono Boost)  
  63  11:54  Stalker x2 (Chrono Boost)  
  63  12:03  Pylon  
  63  12:08  Pylon  
  63  12:09  Assimilator  
  63  12:11  Assimilator  
  65  12:35  Stalker (Chrono Boost)  
  65  12:49  Tempest x2  
  75  13:00  Robotics Bay  
  75  13:01  Robotics Bay  
  75  13:08  Stalker (Chrono Boost)  
  79  13:10  Stalker (Chrono Boost)  
  79  13:34  Tempest  
  79  13:37  Probe (Chrono Boost)  
  79  13:49  Probe (Chrono Boost)  
  80  14:03  Probe (Chrono Boost)  
  74  14:28  Stalker x2  
  74  14:29  Stalker  
  80  14:49  Dark Shrine  
  90  14:50  Probe (Chrono Boost)  
  80  15:01  Gravitic Drive  
  80  15:06  Probe (Chrono Boost)  
  89  15:10  Stalker  
  91  15:20  Gravitic Boosters  
  91  15:25  Probe (Chrono Boost)  
  92  15:36  Probe (Chrono Boost)  
  93  15:44  Probe (Chrono Boost)  
  93  15:49  Probe (Chrono Boost)  
  94  15:55  Probe (Chrono Boost)  
  96  16:06  Probe x2 (Chrono Boost)  
  96  16:07  Void Ray x2 (Chrono Boost)  
  97  16:18  Probe (Chrono Boost)  
  106  16:23  Probe (Chrono Boost)  
  108  16:43  Probe (Chrono Boost)  
  109  16:58  Probe  
  109  16:59  Stalker x3  
  116  17:40  Probe (Chrono Boost)  
  116  17:41  Stalker x3  
  123  17:52  Probe (Chrono Boost)  
  123  17:53  Probe (Chrono Boost)  
  125  18:06  Probe (Chrono Boost)  
  126  18:12  Protoss Air Weapons Level 1  
  126  18:14  Unknown  
  126  18:15  Protoss Ground Weapons Level 1 (Chrono Boost)  
  126  18:23  Stalker x3  
  132  19:05  Zealot, Stalker x2  
  138  19:19  Nexus  
  138  19:21  Assimilator  
  138  19:23  Pylon  
  138  19:24  Assimilator  
  138  19:27  Pylon  
  138  19:29  Pylon  
  136  19:33  Pylon  
  136  19:43  Zealot  
  136  19:47  Zealot  
  136  19:48  Zealot  
  128  20:32  Psionic Storm  
  128  20:33  Anion Pulse-Crystals  
  128  20:42  Immortal  
  128  20:43  Immortal  
  136  20:51  Dark Templar  
  136  20:53  Zealot x2  
  142  21:12  Protoss Air Armor Level 1  
  142  21:26  Protoss Ground Armor Level 1 (Chrono Boost)  
  142  21:28  Extended Thermal Lance  
  133  21:31  Zealot x2  
  133  21:37  Immortal  
  133  21:38  Immortal  
  136  21:46  Zealot  
  136  21:49  Charge  
  136  22:02  Unknown  
  136  22:09  Zealot x2  
  140  22:22  Void Ray x2  
  140  22:24  Zealot  
  150  22:32  Immortal  
  150  22:33  Immortal  
  158  22:47  Zealot x2  
  162  23:02  Zealot  
  162  23:06  Probe (Chrono Boost)  
  165  23:18  Probe (Chrono Boost)  
  165  23:22  Void Ray x2  
  165  23:25  Zealot x2  
  165  23:27  Immortal x2  
  186  23:32  Probe (Chrono Boost)  
  185  23:40  Zealot  
  185  23:49  Probe (Chrono Boost)  
  186  24:03  Zealot  
  188  24:34  Probe (Chrono Boost)  
Tags
 
Add a new tag
Caveats
  • Supply blocks, unpowered buildings, or Contaminate may cause inaccurate times.
  • Supply counts are checked every 10 seconds.